 Dungeon Crawl Stone Soup version 0.30-a0-297-g0ec75d9ef4 (webtiles) character file.

Game seed: 6401789749029291466

133 koil the Sneak (level 4, -12/22 HPs)
             Began as a Spriggan Enchanter on Oct 20, 2022.
             Killed from afar by an electric eel (14 damage)
             ... with a bolt of electricity
             ... on level 3 of the Dungeon.
             The game lasted 00:07:33 (2330 turns).

koil the Sneak (Spriggan Enchanter)                 Turns: 2330, Time: 00:07:34

Health: -12/22     AC:  2    Str:  4    XL:     4   Next: 93%
Magic:  8/10       EV: 33    Int: 16    God:
Gold:   120        SH:  0    Dex: 17    Spells: 1/9 levels left

rFire   . . .      SeeInvis +    x - +1 dagger (freeze)
rCold   + . .      Faith    .    (no shield)
rNeg    . . .      Spirit   .    g - +0 robe
rPois   .          Reflect  .    (helmet restricted)
rElec   .          Harm     .    (no cloak)
rCorr   .          Rampage  .    (gloves unavailable)
Will    .....                    (boots unavailable)
Stlth   +++.......               o - amulet of the acrobat
HPRegen 0.23/turn                t - ring of protection from cold
MPRegen 0.12/turn                (no ring)

@: acrobatic, very quick
A: very small, no large weapons, unfitting armour, see invisible, speed 3
a: no special abilities


You were on level 3 of the Dungeon.
You visited 1 branch of the dungeon, and saw 3 of its levels.

You collected 120 gold pieces.

Inventory:

Hand Weapons
 a - a +1 dagger
 u - a +2 halberd of freezing
 x - a +1 dagger of freezing (weapon)
Missiles
 i - 9 poisoned darts (quivered)
 l - a throwing net
Armour
 g - a +0 robe (worn)
Magical Staves
 n - a staff of conjuration
Jewellery
 k - a ring of flight
 o - an amulet of the acrobat (around neck)
 t - a ring of protection from cold (left hand)
Wands
 C - a wand of charming (5)
 E - a wand of flame (9)
Scrolls
 d - a scroll of fear {unknown}
 f - 4 scrolls of butterflies {unknown}
 h - a scroll of magic mapping {unknown}
 m - 3 scrolls of immolation {unknown}
 v - a scroll of vulnerability {unknown}
 w - 2 scrolls of teleportation {unknown}
 y - a scroll of enchant armour {unknown}
 D - a scroll of blinking {unknown}
Potions
 b - 2 potions of heal wounds {unknown}
 c - 2 potions of invisibility
 e - a potion of might {unknown}
 j - a potion of brilliance {unknown}
 p - a potion of cancellation {unknown}
 q - a potion of berserk rage {unknown}
 r - 2 potions of haste {unknown}
 s - a potion of resistance {unknown}
 z - 2 potions of curing {unknown}
 A - a potion of lignification {unknown}
 B - a potion of flight {unknown}


   Skills:
 + Level 1.2 Fighting
 + Level 2.1 Short Blades
 + Level 3.7 Dodging
 + Level 5.6 Stealth
 + Level 3.4 Spellcasting
 + Level 4.2 Hexes


You had one spell level left.
You knew the following spells:

 Your Spells              Type           Power      Damage    Failure   Level
a - Ensorcelled Hibernat  Hex/Ice        18%        N/A       11%         2
b - Confusing Touch       Hex            16%        N/A       10%         3
c - Dazzling Flash        Conj/Hex       18%        N/A       22%         3

Your spell library contained the following spells:

 Spells                   Type           Power      Damage    Failure   Level
 Tukima's Dance           Hex            16%        N/A       10%         3
 Sublimation of Blood     Necr           2%         N/A       26%         2
 Wereblood                Tmut           2%         N/A       26%         2
 Summon Hydra             Summ           1%         N/A       100%        7


Dungeon Overview and Level Annotations

Branches:
Dungeon (3/15)

Altars:
Ru

Shops:
D:1 [

Annotations:
D:3 1 transporter


Innate Abilities, Weirdness & Mutations

You are very small and have problems with some larger weapons.
You are too small for most types of armour.
You have supernaturally acute eyesight. (SInv)
You cover ground extremely quickly. (Speed+++)


Message History

z - 2 pink potions (gained 1);
D - a scroll labelled EPNUDITUDU
r - 2 cyan potions (gained 1)
Found a stone staircase leading up.
You see here a +0 hand axe.
You open the door.
Found a sacrificial altar of Ru.
Things that are here:
a +0 club; a +0 club; a +0 flail
Things that are here:
a +0 club; a goblin corpse Partly explored, unvisited transporter.
Partly explored, unvisited transporter.
Things that are here:
a +0 club; a goblin corpse
Things that are here:
a +0 robe; a +0 whip
There is a transporter here.
You enter the transporter and appear at another place.
E - a wand of flame (9) There's nothing to close nearby.
You open the door.
There is an open door here.
The electric eel shoots out a bolt of lightning at you!
The bolt of electricity hits you!
Ouch! That really hurt!
Casting: Ensorcelled Hibernation (safe; 11% risk of failure)
Confirm with . or Enter, or press ? or * to list all spells.
Aiming: Ensorcelled Hibernation (safe; 11% risk of failure)
Press: ? - help, Shift-Dir - straight line, f - electric eel
Aim: an electric eel (chance to affect: 51%)
The electric eel resists with significant effort.
The electric eel shoots out a bolt of lightning at you!
The bolt of electricity misses you. The bolt of electricity hits you!
* * * LOW HITPOINT WARNING * * *
The bolt of electricity hits the electric eel.
The electric eel completely resists.
The electric eel shoots out a bolt of lightning at you!
The bolt of electricity hits you!
Ouch! That really hurt!
You die...

..#..####........................
#.#.......########.#.....########
....>.o..............)...........
#.#...o...........####...........
#...............)....#.##########
#..#.###############.#.......[...
#..#.#8P#~~~~~~S#P8#.#.....######
##...#(.#~~~~S..#..#..#.##.......
##..©#©|+~~~⌠~..@.©#©...#########
##...#..#~~~PP..#..#..#.....# #
##...#8P#~~~~~~~#P8#.######.## #
.....###############.# #....####
##...................# #..).....
#.############...#### #....####
##)#####...####.#...# #....#
.).....#.....)....#.### #....#
..................#...###....#


You could see 2 electric eels.

Vanquished Creatures
  An orc wizard (D:3)
  4 gnolls (D:3)
  3 adders
  A worm (D:2)
  A dart slug (D:2)
  7 orcs (D:3)
  An endoplasm (D:1)
  A giant cockroach (D:2)
  3 goblins
  6 hobgoblins
  3 jackals (D:2)
  4 kobolds
  3 quokkas
  3 ball pythons
  9 bats
  2 frilled lizards (D:1)
  5 rats
57 creatures vanquished.

Notes
Turn   | Place    | Note
-------+----------+-------------------------------------------
     0 | D:1      | koil the Spriggan Enchanter began the quest for the Orb.
     0 | D:1      | Reached XP level 1. HP: 9/9 MP: 5/5
   182 | D:1      | Reached XP level 2. HP: 9/14 MP: 6/6
   186 | D:1      | Learned a level 2 spell: Ensorcelled Hibernation
   244 | D:1      | Found Seanyzih's Armour Emporium.
   560 | D:2      | Reached XP level 3. HP: 17/17 MP: 4/8
   564 | D:2      | Learned a level 3 spell: Confusing Touch
   568 | D:2      | Learned a level 3 spell: Dazzling Flash
   755 | D:2      | Reached skill level 5 in Stealth
  1370 | D:3      | Reached skill level 1 in Fighting
  1375 | D:3      | Reached XP level 4. HP: 16/22 MP: 6/9
  1472 | D:3      | Found a transporter.
  1691 | D:3      | Found a transporter.
  2057 | D:3      | Found a faded altar of an unknown god.
  2202 | D:3      | Found a sacrificial altar of Ru.
  2330 | D:3      | Killed from afar by an electric eel

Illustrated notes

Levels and vault maps discovered:
D:1:      dpeg_arrival_simpleton_a, layout_rooms, serial_shops,
          nicolae_shop_waterfront, minmay_tetromino_s2
D:2:      layout_basic
D:3:      gammafunk_steamed_eel, layout_basic, lemuel_doored_altar,
          ebering_ecumenical_altar_mist

Skill      XL: |  1  2  3  4 |
---------------+-------------+-----
Dodging        | 3 |  3.7
Spellcasting   | 3 |  3.4
Stealth        | 5 |  5.6
Hexes          | 4 |  4.2
Fighting       | 1 |  1.2
Short Blades   | 2 |  2.1

Action                   |  1- 3 |  4- 6 || total
-------------------------+-------+-------++-------
Melee: Dagger            |   113 |    66 ||   179
       Punch             |     3 |       ||     3
 Cast: Ensorcelled Hiber |     5 |    19 ||    24
 Stab: Sleeping          |    13 |    12 ||    25
Armor: Robe              |    13 |     4 ||    17
Dodge: Dodged            |   102 |    69 ||   171

Table legend: (Time is in decaauts)
 A = Elapsed time spent in this place.
 B = Non-inter-level travel time spent in this place.
 C = Inter-level travel time spent in this place.
 D = Time resting spent in this place.
 E = Time spent auto-exploring this place.
 F = Levels seen in this place.
 G = Mean time per level.
                   A        B        C        D        E       F      G
               +--------+--------+--------+--------+--------+-----+--------+
         Total |   1670 |   1637 |     33 |    105 |   1068 |   3 |  556.7 |
       Dungeon |   1670 |   1637 |     33 |    105 |   1068 |   3 |  556.7 |
               +--------+--------+--------+--------+--------+-----+--------+

Top non-repeatable levels by time:
     D:2: 686 daAuts
     D:3: 621 daAuts
     D:1: 362 daAuts
